cohdb
Replays
Latest Replays
All Replays
Popular Replays
Top Player Replays
Match Explorer
How It Works
Community
CoH3 Stats
Reddit
Sign in to upload your games and track your stats! →
Sign in with Steam
Match 43479411
Unlisted
Match 43479411
Overview
Messages
Build Orders
End
Construct Barracks
Riflemen Squad
Selects Special Operations Battlegroup
1⁄4-ton 4x4 Truck
Riflemen Squad
Riflemen Squad
Grenade Package
Mechanized Support Center
Selects Raiding Flares
Construct Motor Pool
Selects SSF Commando Squad
SSF Commando Squad
M1 Anti-tank Gun Team
M1918 Browning Automatic Rifles
M1 Anti-tank Gun Team
Selects M29 Weasel with M1 Pack Howitzer
Construct Tank Depot
Selects Mark Vehicle
M4A1 Sherman Medium Tank
M4A1 76mm Conversion
Improvised Armor
Engineer Squad
Designate Forward Repair Station
M4A1(76) Sherman Medium Tank
Mark Vehicle
Selects M4A1 Sherman Whizbang
M4A1(76) Sherman Medium Tank
M4A1(76) Sherman Medium Tank
Construct Medical Station
Mark Vehicle
M1 Anti-tank Gun Team
M4A1 Sherman Whizbang
ttheadventure
Skymoon
Dove
LaserPewPewPew
sexytimeplz
Pterodactyl
0
0
Comments
sign in to comment!
No comments posted yet!